 Dungeon Crawl Stone Soup version 0.31.0-32-g396128a36d (webtiles) character file.

Game seed: 7859161310367771810

116 PaiMei the Grave Robber (level 4, 0/33 HPs)
             Began as a Demonspawn Necromancer on Apr 6, 2024.
             Slain by a gnoll
             ... wielding a +0 spear
              (5 damage)
             ... on level 3 of the Dungeon.
             The game lasted 00:03:09 (2961 turns).

PaiMei the Grave Robber (Demonspawn Necromancer)    Turns: 2961, Time: 00:03:10

Health: 0/33       AC:  2    Str: 14    XL:     4   Next: 69%
Magic:  8/8        EV: 12    Int: 18    God:
Gold:   107        SH:  4    Dex: 13    Spells: 4/8 levels left

rFire   . . .        o - +0 hand axe
rCold   . . .        (no shield)
rNeg    . . .        a - +0 robe
rPois   .            (no helmet)
rElec   .            (no cloak)
rCorr   .            (no gloves)
SInv    .            (no boots)
Will    .....        (no amulet)
Stlth   ++           f - +6 ring of strength
HPRegen 0.25/turn    (no ring)
MPRegen 0.11/turn

%: no passive effects
@: no status effects
A: condensation shield, demonic touch 1
a: no special abilities


You were on level 3 of the Dungeon.
You visited 1 branch of the dungeon, and saw 4 of its levels.

You collected 107 gold pieces.

Inventory:

Hand Weapons
 c - a +0 dagger
 o - a +0 hand axe (weapon)
Missiles
 e - 5 datura-tipped darts (quivered)
 j - 4 poisoned darts
Armour
 a - a +0 robe (worn)
Jewellery
 f - a +6 ring of strength (left hand)
Scrolls
 d - a scroll of acquirement {unknown}
 g - 2 scrolls of teleportation {unknown}
 h - a scroll of enchant armour {unknown}
 l - a scroll of fear {unknown}
 m - a scroll of blinking {unknown}
 n - a scroll of noise {unknown}
Potions
 b - a potion of magic
 i - a potion of attraction {unknown}
 k - a potion of curing {unknown}


   Skills:
 + Level 1.6 Fighting
 + Level 2.7 Dodging
 - Level 2.0 Stealth
 + Level 2.8 Spellcasting
 + Level 5.0 Necromancy


You had 4 spell levels left.
You knew the following spells:

 Your Spells              Type           Power      Damage    Failure   Level
a - Necrotise             Necr           80%        1d8       1%          1
b - Vampiric Draining     Necr           20%        2d7       6%          3

Your spell library contained the following spells:

 Spells                   Type           Power      Damage    Failure   Level
 Animate Dead             Necr           20%        N/A       21%         4
 Curse of Agony           Necr           20%        N/A       50%         5


Dungeon Overview and Level Annotations

Branches:
Dungeon (4/15)
 Temple: D:4-7

Altars:
Makhleb

Annotations:
D:2 1 runed translucent door, Crazy Yiuf


Innate Abilities, Weirdness & Mutations

A meltable shield of frost defends you. (SH +4)
Your touch may inflict minor irresistible damage on your foes.


Message History

Search for what [Enter for "."]? .
You see here a +0 hand axe.
o - a +0 hand axe
o - a +0 hand axe (weapon)
There is a stone staircase leading down here.
You climb downwards.
There is a stone staircase leading up here.
A malevolent force fills the Dungeon... and a teleportation trap spontaneously manifests!
You are yanked towards some nearby monsters!
Your surroundings suddenly seem different. 3 orcs, an orc wizard, a bat and 4 gnolls come into view.
An orc is wielding a +1 trident of freezing.
A gnoll is wielding a +0 spear and quivering a throwing net.
Found 8 gold pieces.
The gnoll shouts! x3; The orc wizard shouts!
The orc shouts! x2
A frilled lizard comes into view.
You block the gnoll's attack. The gnoll completely misses you.
The gnoll hits you but does no damage.
The bat enters a dispersal trap!
The gnoll blinks! x7; The orc blinks!
The orc wizard blinks!
The orc blinks! x2
You blink.
The bat blinks!
The orc moves out of view.
The bat moves out of view.
The gnoll moves out of view. x2
Found a runed dagger.
The gnoll hits you from afar with a +0 spear.
The gnoll throws a throwing net.
The throwing net hits you.
You become entangled in the net!
You see here a throwing net.
You tear a large gash into the net.
The gnoll hits you from afar with a +0 spear.
You struggle against the net.
The bat hits you but does no damage.
The gnoll hits you from afar with a +0 spear.
The frilled lizard bites you.
You struggle against the net.
The bat barely misses you.
The orc hits you from afar with a +1 trident of freezing.
The orc freezes you.
The gnoll hits you from afar with a +0 spear!
The gnoll hits you from afar with a +0 spear.
* * * LOW HITPOINT WARNING * * *
The frilled lizard barely misses you.
You rip the net and break free!
The bat closely misses you. The orc misses you.
The gnoll hits you from afar with a +0 spear.
You die...

###...##########
...............)
................
P.............$.#
........o.......#
......o.g.......#
♣.....b.......#
#...l@.......#
.P......oo......#
P####.g.........#
#...........#
#...............
######....^.....
#..........
#..........
#......§.§.


You could see an orc wizard, 2 gnolls, 3 orcs, a bat and a frilled lizard.

Vanquished Creatures
  A hound (D:4)
  3 gnolls
  An adder (D:4)
  2 dart slugs (D:2)
  A ribbon worm (D:2)
  4 endoplasms (D:1)
  7 giant cockroaches
  4 hobgoblins
  2 kobolds (D:1)
  4 quokkas
  4 ball pythons (D:2)
  2 bats (D:1)
  2 frilled lizards (D:1)
  A goblin (D:1)
  5 rats
43 creatures vanquished.

Vanquished Creatures (collateral kills)
  A giant cockroach (D:2)
1 creature vanquished.

Grand Total: 44 creatures vanquished

Notes
Turn   | Place    | Note
-------+----------+-------------------------------------------
     0 | D:1      | PaiMei the Demonspawn Necromancer began the quest for the
                  | Orb.
     0 | D:1      | Reached XP level 1. HP: 13/13 MP: 3/3
   314 | D:1      | Gained mutation: Your touch may inflict minor irresistible
                  | damage on your foes. [demonic ancestry]
   314 | D:1      | Reached XP level 2. HP: 18/19 MP: 1/5
  1082 | D:2      | Reached XP level 3. HP: 22/25 MP: 0/6
  1272 | D:2      | You fall into a shaft and drop 2 floors!
  1335 | D:4      | Reached skill level 1 in Fighting
  1389 | D:4      | Gained mutation: A meltable shield of frost defends you.
                  | (SH +4) [demonic ancestry]
  1389 | D:4      | Reached XP level 4. HP: 29/32 MP: 1/7
  1548 | D:4      | Learned a level 3 spell: Vampiric Draining
  1703 | D:2      | Found a burning altar of Makhleb.
  1767 | D:2      | Found a runed translucent door.
  1768 | D:2      | Noticed Crazy Yiuf
  2325 | D:1      | Reached skill level 5 in Necromancy
  2961 | D:3      | Slain by a gnoll

Illustrated notes

Levels and vault maps discovered:
D:1:      dpeg_arrival_rooms_a, layout_loops_cross, bh_walls_and_bars
D:2:      layout_rooms, basic_altar, st_stairs_3,
          hangedman_decor_diamond_cutter, uniq_crazy_yiuf_cottage
D:3:      layout_basic, nicolae_ru_awakened_eye, old_standard_altar,
          serial_bayou, serial_bayou_pond_e, serial_bayou_pond_a,
          serial_bayou_pond_d, serial_bayou_shore_b
D:4:      layout_gridville, hangedman_decor_peaks_small,
          minmay_misc_feat_ornament, uniq_robin

Skill      XL: |  1  2  3  4 |
---------------+-------------+-----
Stealth        | 2 |  2.0
Dodging        | 2 |  2.7
Fighting       | 1 |  1.6
Necromancy     | 5 |  5.0
Spellcasting   | |  2.8

Action                     |  1- 3 |  4- 6 || total
---------------------------+-------+-------++-------
  Melee: Unarmed           |     9 |       ||     9
         Dagger            |    10 |     1 ||    11
         Touch             |     2 |       ||     2
   Cast: Necrotise         |    55 |    33 ||    88
 Armour: Robe              |    19 |    20 ||    39
  Dodge: Dodged            |    31 |    21 ||    52
  Block: Other             |       |     2 ||     2
